 Dungeon Crawl Stone Soup version 0.30.1-11-g7821555f0a (webtiles) character file.

Game seed: 16269823172186800429

21339 Michael the Cleaver (level 12, -5/138 HPs)
             Began as a Minotaur Fighter on Nov 29, 2023.
             Was a High Priest of Hepliaklqana.
             Slain by a fire elemental (7 damage)
             ... summoned by a deep elf pyromancer
             ... in a volcano.
             The game lasted 00:36:51 (11584 turns).

Michael the Cleaver (Minotaur Fighter)             Turns: 11584, Time: 00:36:52

Health: -5/138     AC: 26    Str: 22 (23) XL:     12   Next: 53%
Magic:  7/7        EV:  2    Int: 12 (15) God:    Hepliaklqana [*****.]
Gold:   508        SH:  8    Dex: 10 (11) Spells: 9/18 levels left

rFire   . . .        y - +8 war axe "Trog's Righteous Anger" {venom, MP-9 Int+8 SInv Stlth+}
rCold   + . .        c - +3 buckler
rNeg    . . .        F - melded +3 scale mail "Hudel" {rElec rPois rN++ Str-4}
rPois   +            (helmet currently unavailable)
rElec   .            (cloak currently unavailable)
rCorr   .            S - melded +2 pair of gloves
SInv    +            t - melded +2 pair of boots
Will    .....        H - amulet of regeneration
Stlth   ++++         m - ring of protection from cold
HPRegen 1.23/turn    d - ring of wizardry
MPRegen 0.10/turn

%: wizardry (x1)
@: tree-form, slowed, very slow
A: stationary, stasis, torment immunity, boosted hp, reduced essence, (horns 2),
(retaliatory headbutt), mutation resistance 1, (shaggy fur 1)
a: Renounce Religion, Recall Ancestor, Ancestor Identity, Transference, Idealise


You were in a volcano.
You worshipped Hepliaklqana.
Hepliaklqana was extremely pleased with you.
You were a tree.
You visited 2 branches of the dungeon, and saw 13 of its levels.
You also visited: Sewer, Bailey and Volcano.

You collected 652 gold pieces.
You spent 144 gold pieces at shops.

Inventory:

Hand Weapons
 y - the +8 war axe "Trog's Righteous Anger" (weapon) {venom, MP-9 Int+8 SInv Stlth+}
   (You bought it in a shop on level 1 of the Dungeon)

   Int:       It affects your intelligence (+8).
   MP:        It affects your magic capacity (-9).
   SInv:      It lets you see invisible.
   Stlth:     It makes you more stealthy.
Missiles
 k - 4 atropa-tipped darts (quivered)
 K - 4 boomerangs
 M - 5 silver javelins
Armour
 c - a +3 buckler (worn)
 t - a +2 pair of boots (melded)
 F - the +3 scale mail "Hudel" (melded) {rElec rPois rN++ Str-4}
   (You found it in a bailey)

   Str:       It affects your strength (-4).
   rElec:     It insulates you from electricity.
   rPois:     It protects you from poison.
   rN:        It greatly protects you from negative energy.
 S - a +2 pair of gloves (melded)
Jewellery
 b - a ring of flight
 d - a ring of wizardry (right branch)
 m - a ring of protection from cold (left branch)
 n - a ring of wizardry
 r - a ring of see invisible
 w - an amulet of the acrobat
 B - a ring of fire
 H - an amulet of regeneration (around neck)
 I - the ring "Pocusuan" {MP+9 Int+3}
   (You acquired it on level 3 of the Lair of Beasts)

   [ring of magical power]

   Int:       It affects your intelligence (+3).
   MP:        It affects your magic capacity (+9).
 Q - a ring of protection from cold
Wands
 s - a wand of flame (14)
 L - a wand of paralysis (2)
Scrolls
 a - a scroll of summoning {unknown}
 h - a scroll of fog
 j - 3 scrolls of amnesia
 l - 3 scrolls of poison
 p - 8 scrolls of teleportation
 u - 6 scrolls of vulnerability
 x - 2 scrolls of fear {unknown}
 C - 5 scrolls of enchant weapon
 D - 2 scrolls of noise
 E - a scroll of torment
 O - a scroll of immolation {unknown}
Potions
 e - 3 potions of resistance
 f - 6 potions of curing
 g - 4 potions of haste
 i - a potion of heal wounds {unknown}
 o - a potion of invisibility {unknown}
 q - a potion of flight {unknown}
 v - 4 potions of brilliance
 z - a potion of lignification
 A - a potion of ambrosia {unknown}
 J - a potion of degeneration
 P - a potion of attraction {unknown}
Miscellaneous
 G - a tin of tremorstones (inert)
 N - a lightning rod (3/4)


   Skills:
 * Level 8.6 Fighting
 * Level 12.6 Axes
 * Level 3.2 Throwing
 * Level 9.2 Armour
 * Level 5.7 Dodging
 * Level 5.0 Stealth
 * Level 7.7 Shields
 * Level 3.7 Spellcasting
 * Level 1.7 Hexes
 * Level 3.4 Translocations
 * Level 3.4 Fire Magic
 * Level 1.5 Ice Magic
 * Level 4.7 Invocations
 * Level 4.4 Evocations


You had 9 spell levels left.
You knew the following spells:

 Your Spells              Type           Power      Damage    Failure   Level
a - Volatile Blastmotes   Fire/Tloc      20%        2d11      8%          3
b - Tukima's Dance        Hex            6%         N/A       16%         3
c - Frozen Ramparts       Ice            12%        1d2       16%         3

Your spell library contained the following spells:

 Spells                   Type           Power      Damage    Failure   Level
 Portal Projectile        Hex/Tloc       16%        N/A       11%         3
 Cigotuvi's Dreadful Rot  Necr/Pois/Air  4%         N/A       16%         2
 Ozocubu's Armour         Ice            6%         N/A       16%         3
 Passage of Golubria      Tloc           10%        N/A       26%         4
 Iskenderun's Mystic Bla  Conj/Tloc      6%         2d4       45%         4
 Fulminant Prism          Conj/Hex       2%         3d5       56%         4
 Ice Form                 Ice/Tmut       4%         N/A       56%         4
 Summon Ice Beast         Ice/Summ       4%         N/A       56%         4
 Animate Dead             Necr           2%         N/A       67%         4
 Dispel Undead            Necr           2%         3d7       67%         4
 Summon Forest            Summ/Tloc      3%         N/A       78%         5
 Silence                  Hex/Air        2%         N/A       87%         5
 Blade Hands              Tmut           1%         N/A       94%         5
 Borgnjor's Vile Clutch   Necr/Erth      1%         N/A       94%         5
 Lee's Rapid Deconstruct  Erth           1%         3d4*      94%         5
 Death Channel            Necr           1%         N/A       100%        6
 Eringya's Noxious Bog    Tmut/Pois      1%         N/A       100%        6
 Simulacrum               Ice/Necr       2%         N/A       100%        6
 Ozocubu's Refrigeration  Ice            3%         4d8       100%        7
 Summon Hydra             Summ           1%         N/A       100%        7
 Lehudib's Crystal Spear  Conj/Erth      1%         10d2      100%        8
 Polar Vortex             Ice            3%         N/A       100%        9


Dungeon Overview and Level Annotations

Branches:
Dungeon (10/15)            Temple (0/1) D:6            Lair (3/5) D:8
 Shoals (0/4) Lair:3          Orc (0/2) D:9           Sewer (visited)
 Bailey (visited)         Volcano (1/1)
  Snake: Lair:2-3    Spider: Lair:2-3

Altars:
Ashenzari
Cheibriados
Dithmenos
Fedhas
Hepliaklqana
Okawaru
Qazlal
Wu Jian
Zin

Shops:
D:1 (   D:4 =   D:5 (   D:6 [


Innate Abilities, Weirdness & Mutations

You are a tree.
Your roots penetrate the ground, keeping you stationary.
You cannot be teleported.
You are immune to unholy pain and torment.
Your maximum health is greatly increased.
Your equipment is partially melded.
Your life essence is reduced to manifest your ancestor. (-10% HP)
((You have a pair of horns on your head.))
((You reflexively headbutt those who attack you in melee.))
You are somewhat resistant to further mutation.
((You are covered in fur. (AC +1)))


Message History

The fire elemental burns you!
* * * LOW HITPOINT WARNING * * *
Tenoch hits the deep elf pyromancer with a +0 flail!
The fire elemental hits you. The fire elemental burns you!
* * * LOW HITPOINT WARNING * * *
Tenoch blocks the deep elf pyromancer's attack.
You block the deep elf pyromancer's attack.
You feel better.
The fire elemental hits Tenoch.
The fire elemental burns Tenoch!
Tenoch resists.
The fire elemental closely misses you. The fire elemental hits you.
The fire elemental burns you!
* * * LOW HITPOINT WARNING * * *
The fire elemental closely misses Tenoch.
You block the fire elemental's attack.
Tenoch hits the deep elf pyromancer with a +0 flail!!
The deep elf pyromancer hits Tenoch with a +2 great mace of flaming!
The deep elf pyromancer burns Tenoch.
The deep elf pyromancer casts a spell.
The fire elemental hits you. The fire elemental burns you!
* * * LOW HITPOINT WARNING * * *
Unknown command.
Really quaff the potion of lignification?
You turn into a tree.
Your +2 pair of gloves melds into your body.
Your +2 pair of boots melds into your body.
The +3 scale mail "Hudel" {rElec rPois rN++ Str-4} melds into your body.
Your roots penetrate the ground.
The fire elemental hits Tenoch.
The fire elemental burns Tenoch!
Tenoch resists.
The fire elemental completely misses you.
You block the fire elemental's attack.
The deep elf pyromancer hits you but does no damage.
The deep elf pyromancer hits Tenoch but does no damage.
Tenoch blocks the fire elemental's attack.
Tenoch barely misses the deep elf pyromancer.
The fire elemental hits you. The fire elemental burns you!
* * * LOW HITPOINT WARNING * * *
The fire elemental hits you. The fire elemental burns you!
You die...

#).#.).))####..'.##
#''#...).'..####..∩
#..###..)#.....#..∩
#..#.#'#.#..≈..#.##
#.°#...###.....###≈
#..#.....#...###≈§≈
#eE#..§..+.###§≈≈≈#
#RE#.....###§§≈§###
#e♣#...###≈§§§###
#.EE.###≈≈≈§###
#°○###≈§≈≈##
####§≈§≈###
§§§≈≈### #######


You could see the friendly Tenoch the knight, 2 deep elf pyromancers and 4 fire
elementals.

Vanquished Creatures
  Erica (D:8)
  A deep elf archer (Volcano)
  7 deep elf pyromancers (Volcano)
  5 elephants (Lair:2)
  A black mamba (Lair:2)
  A cane toad (Lair:1)
  A gargoyle (D:10)
  An unseen horror (D:10)
  2 polar bears
  Grinder (D:4)
  2 merfolk (Lair:3)
  3 hornets (D:9)
  4 blink frogs (Lair:1)
  Prince Ribbit (D:8)
  A slime creature (D:9)
  3 culicivoras (Lair:2)
  A wyvern (D:9)
  2 wraiths
  2 fire bats (Lair:3)
  10 yaks
  4 fire elementals (Volcano)
  5 vampire mosquitoes
  2 steam dragons (D:9)
  Duvessa (D:4)
  5 water moccasins
  Pargi (Sewer)
  3 hell hounds (Volcano)
  A sky beast (D:7)
  An ice beast (D:6)
  An ogre (D:6)
  8 orc warriors
  3 centaurs
  2 phantoms
  2 bullfrogs (D:8)
  3 scorpions
  5 wights
  Dowan (D:4)
  4 killer bees (D:7)
  6 howler monkeys
  A lava snake (D:9)
  2 hounds
  6 orc priests
  A jelly (D:6)
  A sleepcap (D:5)
  Jessica (D:3)
  7 orc wizards
  3 iguanas
  4 hell rats (Lair:3)
  11 gnolls
  11 adders
  2 white imps
  An ufetubus (D:6)
  A dart slug (D:2)
  35 orcs
  6 bats
  6 endoplasms
  3 giant cockroaches
  9 goblins
  9 hobgoblins
  6 jackals
  5 kobolds
  4 quokkas
  8 ball pythons
  4 frilled lizards
  21 rats
276 creatures vanquished.

Vanquished Creatures (collateral kills)
  An orc knight (Bailey)
  2 merfolk (Lair:3)
  A shadow (D:7)
  5 yaks
  A wraith (D:9)
  2 wyverns
  A fire bat (Lair:3)
  2 fire elementals (Volcano)
  A steam dragon (D:10)
  An acid dragon (D:10)
  2 hell hounds (Volcano)
  2 orc warriors (Bailey)
  An ice beast (D:8)
  An ogre (D:7)
  A kobold brigand (D:8)
  A bullfrog (D:6)
  A wight (D:9)
  2 killer bees
  A howler monkey (D:9)
  3 orc wizards
  A gnoll (D:2)
  An adder (D:2)
  A shadow imp (D:6)
  10 orcs
  5 bats
  A hobgoblin (D:1)
  2 kobolds
  A rat (D:1)
54 creatures vanquished.

Vanquished Creatures (others)
  A knight (Bailey)
1 creature vanquished.

Grand Total: 331 creatures vanquished

Notes
Turn   | Place    | Note
-------+----------+-------------------------------------------
     0 | D:1      | Michael the Minotaur Fighter began the quest for the Orb.
     0 | D:1      | Reached XP level 1. HP: 19/19 MP: 0/0
   175 | D:1      | Reached XP level 2. HP: 27/27 MP: 1/1
   511 | D:2      | Reached XP level 3. HP: 33/33 MP: 2/2
   646 | D:3      | Noticed a wight
   654 | D:3      | Killed a wight
   655 | D:3      | Reached skill level 3 in Axes
   655 | D:3      | Reached skill level 1 in Dodging
   655 | D:3      | Reached skill level 1 in Stealth
   655 | D:3      | Reached XP level 4. HP: 15/40 MP: 3/3
   915 | D:4      | Noticed Dowan
   916 | D:4      | Noticed Duvessa
   934 | D:4      | Killed Duvessa
   935 | D:4      | Reached skill level 4 in Axes
   935 | D:4      | Reached XP level 5. HP: 30/47 MP: 4/4
   935 | D:4      | Gained mutation: You are somewhat resistant to further
                  | mutation. [potion of mutation]
   935 | D:4      | Gained mutation: You are covered in fur. (AC +1) [potion of
                  | mutation]
   998 | D:4      | Killed Dowan
  1140 | D:5      | Entered Level 5 of the Dungeon
  1148 | D:5      | Reached XP level 6. HP: 45/53 MP: 5/5
  1155 | D:5      | Found Onleg's Antique Weapon Shop.
  1240 | D:5      | Reached skill level 5 in Axes
  1384 | D:5      | Reached skill level 5 in Fighting
  1455 | D:5      | Reached skill level 5 in Armour
  1459 | D:5      | Reached XP level 7. HP: 48/61 MP: 7/7
  1694 | D:5      | Reached skill level 1 in Spellcasting
  2604 | D:4      | Found a hazy altar of Hepliaklqana.
  2612 | D:4      | Became a worshipper of Hepliaklqana the Forgotten
  2647 | D:4      | Reached skill level 6 in Axes
  2724 | D:4      | Noticed Grinder
  2733 | D:4      | Killed Grinder
  2734 | D:4      | Reached skill level 5 in Shields
  2923 | D:4      | Found Kouth's Jewellery Boutique.
  2936 | D:4      | Reached XP level 8. HP: 37/69 MP: 7/9
  3086 | D:4      | Reached skill level 1 in Invocations
  3594 | D:3      | Reached * piety under Hepliaklqana
  3871 | D:3      | Noticed Jessica
  3877 | D:3      | Killed Jessica
  3878 | D:3      | Reached skill level 7 in Axes
  4484 | D:2      | Reached skill level 1 in Evocations
  4803 | D:2      | You fall into a shaft and drop 2 floors!
  4945 | D:1      | Reached ** piety under Hepliaklqana
  4946 | D:1      | Remembered your ancestor Tenoch as a knight
  5047 | D:1      | Found Pymuh's Antique Weapon Shop.
  5129 | D:1      | Bought a jewelled war axe for 144 gold pieces
  5129 | D:1      | Identified the +8 war axe "Trog's Righteous Anger" {venom,
                  | MP-9 Int+8 SInv Stlth+} (You bought it in a shop on level 1
                  | of the Dungeon)
  5534 | D:6      | Found a staircase to the Ecumenical Temple.
  5588 | D:6      | Found Ozopuc's Armour Emporium.
  5665 | D:6      | Found a glowing drain.
  5675 | Sewer    | Entered a sewer
  5703 | Sewer    | Noticed Pargi
  5715 | Sewer    | Killed Pargi
  5737 | Sewer    | Learned a level 3 spell: Volatile Blastmotes
  5828 | D:7      | Reached skill level 8 in Axes
  5828 | D:7      | Reached XP level 9. HP: 60/67 MP: 1/10
  6005 | D:8      | Found a staircase to the Lair.
  6065 | D:8      | Found an iron altar of Okawaru.
  6130 | D:8      | Noticed Prince Ribbit
  6141 | D:8      | Killed Prince Ribbit
  6154 | D:8      | Reached skill level 1 in Fire Magic
  6158 | D:8      | Reached skill level 1 in Translocations
  6190 | D:8      | Found a flagged portal.
  6199 | Bailey   | Entered a bailey
  6211 | Bailey   | Reached *** piety under Hepliaklqana
  6237 | Bailey   | Reached skill level 9 in Axes
  6530 | Bailey   | Noticed an orc knight
  6542 | Bailey   | Killed an orc knight
  6543 | Bailey   | Reached XP level 10. HP: 62/75 MP: 3/12
  6549 | Bailey   | Identified the +3 scale mail "Hudel" {rElec rPois rN++
                  | Str-4}
  6724 | D:10     | Entered Level 10 of the Dungeon
  6779 | D:10     | Reached skill level 10 in Axes
  6979 | D:10     | Found a blossoming altar of Fedhas.
  7054 | D:10     | Identified the +5 sling of the Unliving {speed, *Corrode
                  | Str+8}
  7169 | D:10     | Noticed a gargoyle
  7182 | D:10     | Killed a gargoyle
  7321 | D:10     | Reached **** piety under Hepliaklqana
  7512 | D:9      | Found a snail-covered altar of Cheibriados.
  7648 | D:9      | Reached skill level 1 in Throwing
  7650 | D:9      | Reached XP level 11. HP: 63/82 MP: 5/14
  7663 | D:9      | Reached skill level 11 in Axes
  7898 | D:9      | Learned a level 3 spell: Tukima's Dance
  7907 | D:9      | Found a glowing silver altar of Zin.
  8243 | D:9      | Found a staircase to the Orcish Mines.
  8420 | D:8      | Found a broken altar of Ashenzari.
  8571 | D:8      | Reached skill level 5 in Dodging
  8907 | D:8      | Noticed Erica
  8911 | D:8      | Killed Erica
  9130 | D:7      | Reached ***** piety under Hepliaklqana
  9163 | D:7      | Found a stormy altar of Qazlal.
  9224 | D:7      | Found an ornate altar of the Wu Jian Council.
  9229 | D:7      | Found a shadowy altar of Dithmenos.
 10108 | D:6      | Learned a level 3 spell: Frozen Ramparts
 10768 | Lair:1   | Entered Level 1 of the Lair of Beasts
 10910 | Lair:2   | Reached skill level 1 in Hexes
 10912 | Lair:2   | Reached skill level 12 in Axes
 11060 | Lair:3   | Reached XP level 12. HP: 90/90 MP: 7/16
 11066 | Lair:3   | Reached skill level 1 in Ice Magic
 11088 | Lair:3   | Found a staircase to the Shoals.
 11218 | Lair:3   | Identified a scroll of acquirement
 11219 | Lair:3   | Acquired the ring "Pocusuan" {MP+9 Int+3}
 11391 | Lair:3   | Found a dark tunnel.
 11407 | Volcano  | Entered a volcano
 11490 | Volcano  | Reached skill level 5 in Stealth
 11582 | Volcano  | HP: 3/92 [fire elemental[a deep elf pyromancer] (12)]
 11584 | Volcano  | Slain by a fire elemental

Illustrated notes

Levels and vault maps discovered:
D:1:      scummos_arrival_simple_fountains, layout_basic, serial_shops, shop
D:2:      layout_loops_ring
D:3:      cheibrodos_old_hovel, layout_basic, uniq_jessica
D:4:      layout_basic, lemuel_crystal_altar, chequers_big_river,
          minmay_shop_enchanted_jewellery, grunt_decor_resistance,
          minmay_rat_hole, uniq_duvessa, uniq_grinder
D:5:      nicolae_BIG_FREAKIN_CUBE, layout_layer_cave, serial_shops,
          shop_fountains
D:6:      layout_loops_ring, temple_pool_b, serial_shops, shop,
          portal_sewer_entry_d
D:7:      layout_basic, mainiacjoe_overflow_small_starburst, minitemple,
          serial_rivers, chequers_serial_rivers_small_a,
          chequers_serial_rivers_large_b, chequers_serial_rivers_micro_b,
          chequers_serial_rivers_small_b, chequers_serial_rivers_small_b
D:8:      layout_basic, nicolae_overflow_hidden_temple, dpeg_oklobed_lair,
          enter_bailey_2, uniq_erica, uniq_prince_ribbit1
D:9:      cheibrodos_fzero, layout_basic, cheibriados_altar_1, zin_treasury,
          skrybe_limestone_x, nicolae_kite_square_tiling_tiny
D:10:     layout_irregular_city, fedhas_altar_3, nrook_mini_backslash
Lair:1:   layout_loops_ring, pdpol_lair_cabin_in_the_woods, grunt_megastairs_1
Lair:2:   layout_cave_pods, hellmonk_spider_entry_life_and_decay,
          serial_bayou_pond_c, minivault_23, serial_bayou_lagoon_b
Lair:3:   layout_regular_city, elwin_shoals_entry_stream,
          nicolae_volcano_entry_batcave, grunt_megastairs_2
Volcano:  hellmonk_pyromancer_palace

Skill      XL: |  1  2  3  4  5  6  7  8  9 10 11 12 |
---------------+-------------------------------------+-----
Shields        | 4 5 6 7 |  7.7
Fighting       | 4 5 6 7 8 |  8.6
Axes           | 3 4 5 6 8 9 10 12 | 12.6
Armour         | 4 5 6 7 8 9 |  9.2
Dodging        | 1 2 3 4 5 |  5.7
Stealth        | 1 2 3 4 5 |  5.0
Spellcasting   | 1 2 3 |  3.7
Invocations    | 1 2 3 4 |  4.7
Evocations     | 1 2 3 4 |  4.4
Fire Magic     | 1 2 3 |  3.4
Translocations | 1 2 3 |  3.4
Throwing       | 1 2 3 |  3.2
Hexes          | 1 |  1.7
Ice Magic      | 1 |  1.5

Action                     |  1- 3 |  4- 6 |  7- 9 | 10-12 || total
---------------------------+-------+-------+-------+-------++-------
  Melee: War axe           |    47 |    60 |   210 |   229 ||   546
         Headbutt          |     4 |    12 |    22 |    43 ||    81
  Throw: Throwing net      |       |       |       |     1 ||     1
   Cast: Volatile Blastmot |       |       |       |     2 ||     2
 Invoke: Ancestor Identity |       |       |     2 |       ||     2
         Recall Ancestor   |       |       |     1 |     2 ||     3
         Ancestor Life: Kn |       |       |     1 |       ||     1
         Idealise          |       |       |       |     1 ||     1
  Evoke: Wand              |       |       |    10 |     2 ||    12
         Tin of tremorston |       |       |       |     5 ||     5
         Lightning rod     |       |       |       |     4 ||     4
    Use: Scroll            |     2 |       |    13 |    10 ||    25
         Potion            |     1 |     2 |       |     5 ||     8
   Stab: Sleeping          |       |       |     2 |       ||     2
         Distracted        |       |       |       |     3 ||     3
 Armour: Scale mail        |    19 |    23 |    53 |   160 ||   255
         Troll leather arm |       |       |    17 |       ||    17
         Skin              |       |       |       |     3 ||     3
  Dodge: Dodged            |    23 |    37 |   200 |   153 ||   413
  Block: Buckler           |    15 |    11 |    69 |   110 ||   205
